 Dungeon Crawl Stone Soup version 0.24-a0-201-gf205589 (console) character file.

Game seed: 6067932788771780966

116 bli the Skirmisher (level 4, -6/42 HPs)
             Began as a Draconian Wanderer on Mar 25, 2019.
             Killed from afar by Ijyb (7 damage)
             ... with a wand of flame (4)
             ... on level 3 of the Dungeon.
             The game lasted 00:05:44 (1895 turns).

bli the Skirmisher (Draconian Wanderer)             Turns: 1895, Time: 00:05:45

Health: -6/42      AC:  5    Str: 21    XL:     4   Next: 69%
Magic:  4/4        EV: 11    Int:  7    God:
Gold:   19         SH:  4    Dex: 13    Spells: 3/3 levels left

rFire    . . .     SeeInvis .   a - +0 hand axe
rCold    . . .     Gourm    .   q - +0 buckler
rNeg     . . .     Faith    .   (armour unavailable)
rPois    .         Spirit   .   (helmet restricted)
rElec    .         Reflect  .   (no cloak)
rCorr    .         Harm     .   (no gloves)
MR       .....                  (no boots)
Stlth    ++........             (no amulet)
HPRegen  0.14/turn              j - -2 ring of intelligence (curse)
MPRegen  0.09/turn              t - ring of flight

@: mighty
A: unfitting armour, cold-blooded, AC +5
a: Evoke Flight


You were on level 3 of the Dungeon.
You were not hungry.

You visited 1 branch of the dungeon, and saw 3 of its levels.

You collected 19 gold pieces.

Inventory:

Hand Weapons
 a - a +0 hand axe (weapon)
 b - a +2 blowgun
 e - a +0 dagger
 p - a +0 hunting sling
Missiles
 d - 2 curare-tipped needles
 i - 32 sling bullets
 l - 102 stones (quivered)
 s - 7 poisoned needles
Armour
 q - a +0 buckler (worn)
 v - a +0 buckler
Jewellery
 j - a cursed -2 ring of intelligence (left hand)
 t - a ring of flight (right hand)
 u - an uncursed ring of protection from cold
Scrolls
 c - 4 scrolls of teleportation
 h - a scroll of fog {unknown}
 m - 2 scrolls of remove curse {unknown}
 n - 2 scrolls of identify {unknown}
 r - a scroll of immolation {unknown}
Comestibles
 f - 4 rations
 k - 9 chunks of flesh


   Skills:
 + Level 5.1 Fighting
 * Level 3.3 Axes
 + Level 1.0 Throwing
 + Level 1.1 Dodging
 - Level 3.0 Stealth
 + Level 1.1 Shields


You had 3 spell levels left.
You didn't know any spells.
Your spell library was empty.

Dungeon Overview and Level Annotations

Branches:
Dungeon (3/15)

Altars:
Nemelex Xobeh
Qazlal
Xom

Annotations:
D:3 1 runed translucent door, Crazy Yiuf, Ijyb


Innate Abilities, Weirdness & Mutations

Your plain brown scales are hard. (AC +5)
You cannot fit into any form of body armour.
You are cold-blooded and may be slowed by cold attacks.


Message History

* * * LOW HITPOINT WARNING * * *
You hit Ijyb.
Your tail-slap misses Ijyb.
Ijyb is heavily wounded.
Ijyb zaps a wand.
The puff of flame hits you.
* * * LOW HITPOINT WARNING * * *
You hit Ijyb. You tail-slap Ijyb, but do no damage.
Ijyb is heavily wounded.
Ijyb hits you with a +5 club.
* * * LOW HITPOINT WARNING * * *
You hit Ijyb.
Ijyb is severely wounded.
You block Ijyb's attack.
It was a potion of might.
You feel very mighty all of a sudden.
You hear the brisk rusting of a distant drain.
Ijyb closely misses you.
You hit Ijyb but do no damage.
Ijyb is severely wounded.
Ijyb zaps a wand.
The puff of flame hits you!
You die...

......
.......>##.
.....##..##.
###
.....#...###
#).
#.......#.###
#..
....#..#.##.
.. #.
#.....##. #+
#.##........
.♣♣
#....#..>##.
♣g♣
#....#####
♣@♣♣ #..###
#. ♣♣.♣
####....####.
♣♣.♣♣
#......_...#.
♣♣...♣
#....####....
♣....♣ #....#
..# #....#
#..÷.# ##..
#....###....#
##.
#...........#
##..........#
#..........#
############


You could see Ijyb.

Vanquished Creatures
  Terence (D:3)
  3 adders
  2 dart slugs
  2 leopard geckos
  5 giant cockroaches
  9 hobgoblins
  3 jackals (D:2)
  6 kobolds
  3 quokkas
  4 bats
  3 frilled lizards
  6 goblins
  4 rats
51 creatures vanquished.

Notes
Turn   | Place    | Note
-------+----------+-------------------------------------------
     0 | D:1      | bli the Draconian Wanderer began the quest for the Orb.
     0 | D:1      | bli set off with the following items: a +2 blowgun, 2
                  | curare-tipped needles, a scroll of teleportation, a +0 hand
                  | axe, a +0 dagger, a ration
     0 | D:1      | Reached XP level 1. HP: 22/22 MP: 1/1
   236 | D:1      | Reached XP level 2. HP: 21/28 MP: 2/2
   761 | D:2      | Reached skill level 5 in Fighting
   761 | D:2      | Reached XP level 3. HP: 18/36 MP: 3/3
   998 | D:2      | Found a stormy altar of Qazlal.
  1002 | D:2      | Found a sparkling altar of Nemelex Xobeh.
  1596 | D:3      | Noticed Terence
  1617 | D:3      | Killed Terence
  1617 | D:3      | Reached XP level 4. HP: 3/42 MP: 4/4
  1622 | D:3      | Reached skill level 1 in Dodging
  1844 | D:3      | Found a shimmering altar of Xom.
  1880 | D:3      | Found a runed translucent door.
  1880 | D:3      | Noticed Ijyb
  1881 | D:3      | Noticed Crazy Yiuf
  1892 | D:3      | HP: 1/42 [Ijyb/+5 club (5)]
  1895 | D:3      | Killed from afar by Ijyb

Levels and vault maps discovered:
D:1:      lightli_iron_boxes, layout_basic, grunt_decor_arrowhead,
          minmay_small_reverse_x
D:2:      layout_loops_ring, minitemple, eino_tiny_chamber
D:3:      layout_rooms, overflow_temple_1_default, gup_sewer_entry_spiral,
          uniq_crazy_yiuf_cottage, uniq_terence, uniq_ijyb

Skill      XL: |  1  2  3  4 |
---------------+-------------+-----
Fighting       | 5 |  5.1
Stealth        | 3 |  3.0
Axes           | 2 3 |  3.3
Dodging        | 1 |  1.1
Throwing       | |  1.0
Shields        | |  1.1

Action                   |  1- 3 |  4- 6 || total
-------------------------+-------+-------++-------
Melee: Hand axe          |   124 |    53 ||   177
       Tailslap          |    13 |     4 ||    17
Throw: Stone             |     1 |       ||     1
  Use: Potion            |       |     2 ||     2
 Stab: Sleeping          |     9 |     3 ||    12
  Eat: Chunk             |     2 |     1 ||     3
Armor: Skin              |    43 |    13 ||    56
Dodge: Dodged            |    86 |    30 ||   116
Block: Buckler           |    10 |    10 ||    20

Table legend:
 A = Non-vault XP
 B = Vault XP
 C = Vault XP percentage of total XP
 D = Non-vault monster count
 E = Vault monster count
 F = Vault count percentage of total count
                 A         B        C        D         E       F
            +---------+---------+-------+---------+---------+-------
      Total |     121 |      45 |  27.1 |      46 |       5 |   9.8
            +---------+---------+-------+---------+---------+-------
        D:1 |      26 |       7 |  21.2 |      14 |       4 |  22.2
        D:2 |      48 |       0 |   0.0 |      18 |       0 |   0.0
        D:3 |      47 |      38 |  44.7 |      14 |       1 |   6.7
            +---------+---------+-------+---------+---------+-------
